 Dungeon Crawl Stone Soup version 0.23.2-1-ga50397a6bc (webtiles) character file.

Game seed: 2921001769942397243

142 Foic the Grave Robber (level 5, -8/35 HPs)
             Began as a Mummy Necromancer on May 21, 2019.
             Mangled by Menkaure (21 damage)
             ... on level 4 of the Dungeon.
             The game lasted 00:14:29 (3942 turns).

Foic the Grave Robber (Mummy Necromancer)           Turns: 3942, Time: 00:14:30

Health: -8/35      AC:  4    Str: 12    XL:     5   Next: 3%
Magic:  12/12      EV: 12    Int: 15    God:
Gold:   195        SH:  0    Dex: 12    Spells: 4/13 levels left

rFire    x . .     SeeInvis .   o - +0 mace
rCold    + . .     Gourm    .   (no shield)
rNeg     + + +     Faith    .   m - +0 leather armour
rPois    ∞         Spirit   .   (no helmet)
rElec    .         Reflect  .   j - +0 cloak
rCorr    +         Harm     .   (no gloves)
MR       .....                  (no boots)
Stlth    ++........             l - amulet of the acrobat
HPRegen  0.11/turn              f - ring of resist corrosion
MPRegen  0.13/turn              (no ring)

@: no status effects
A: no food or potions, fire vulnerability, cold resistance 1, negative energy
resistance 3, torment resistance, unbreathing
a: no special abilities


You were on level 4 of the Dungeon.
You were not hungry.

You visited 1 branch of the dungeon, and saw 4 of its levels.

You collected 195 gold pieces.

Inventory:

Hand Weapons
 o - a +0 mace (weapon)
Missiles
 c - 168 stones (quivered)
 k - 44 sling bullets
Armour
 a - a +0 robe
 g - +0 ice dragon scales
 j - a +0 cloak (worn)
 m - a +0 leather armour (worn)
Jewellery
 f - a ring of resist corrosion (left hand)
 h - a cursed ring of teleportation
 l - an amulet of the acrobat (around neck)
Scrolls
 b - a scroll of fear
 d - 2 scrolls of blinking {unknown}
 e - a scroll of teleportation
 i - a scroll of noise {unknown}
 n - a scroll of amnesia {unknown}


   Skills:
 * Level 2.1 Dodging
 + Level 1.6 Stealth
 * Level 4.8 Spellcasting
 + Level 5.0 Necromancy


You had 4 spell levels left.
You knew the following spells:

 Your Spells              Type           Power        Failure   Level  Hunger
a - Pain                  Necr           ###.         2%          1    N/A
b - Animate Skeleton      Necr           N/A          2%          1    N/A
c - Vampiric Draining     Necr           ###.......   9%          3    N/A
d - Animate Dead          Necr           N/A          26%         4    N/A

Your spell library contained the following spells:

 Spells                   Type           Power        Failure   Level  Hunger
 Regeneration             Chrm/Necr      Unusable     N/A         3    N/A

Dungeon Overview and Level Annotations

Branches:
Dungeon (4/15)
 Temple: D:4-7

Altars:
Elyvilon

Annotations:
D:4 Menkaure


Innate Abilities, Weirdness & Mutations

You do not eat or drink.
Your flesh is vulnerable to fire.
You are immune to poison.
Your flesh is cold resistant. (rC+)
You are immune to negative energy. (rN+++)
You are immune to unholy pain and torment.
You can survive without breathing.


Message History

Menkaure is moderately damaged.
Menkaure misses you.
You hit Menkaure but do no damage.
Menkaure is moderately damaged.
Menkaure hits you but does no damage.
You barely miss Menkaure.
Menkaure is moderately damaged.
Menkaure hits you!!
Ouch! That really hurt!
You hit Menkaure.
Menkaure is moderately damaged.
Menkaure hits you.
Press: ? - help, v - describe, . - travel
Here: Menkaure (moderately damaged)
The floor.
You sock Menkaure!
Menkaure is severely damaged.
Menkaure barely misses you. Menkaure hits you!!
Ouch! That really hurt!
You die...

#..# ...##
#.............# .##.##
#.............# ####.##
#.............. # ##.##
#............. ###..##
#............ ###.....##
#............
#........## #...M......#
..........## #..@......#
...........####.......##
............##.......##
...............##...##
.............### #.##
......>......# ##
.............##
..............#
..............#


You could see Menkaure.

Vanquished Creatures
  A worker ant (D:3)
  5 adders
  A worm (D:3)
  4 leopard geckos
  An orc (D:3)
  A ball python (D:3)
  6 giant cockroaches
  9 hobgoblins
  12 bats
  5 frilled lizards
  7 goblins
  9 kobolds
  7 rats
68 creatures vanquished.

Notes
Turn   | Place    | Note
-------+----------+-------------------------------------------
     0 | D:1      | Foic the Mummy Necromancer began the quest for the Orb.
     0 | D:1      | Reached XP level 1. HP: 13/13 MP: 4/4
     2 | D:1      | Learned a level 1 spell: Animate Skeleton
    42 | D:1      | You fall through a shaft!
    73 | D:2      | Reached XP level 2. HP: 19/19 MP: 1/5
   482 | D:1      | Reached XP level 3. HP: 24/24 MP: 5/7
   487 | D:1      | Learned a level 3 spell: Vampiric Draining
  1782 | D:2      | Found a white marble altar of Elyvilon.
  2066 | D:2      | Reached XP level 4. HP: 27/30 MP: 3/10
  2072 | D:2      | Learned a level 4 spell: Animate Dead
  3407 | D:3      | Reached skill level 5 in Necromancy
  3407 | D:3      | Reached XP level 5. HP: 35/35 MP: 7/12
  3932 | D:4      | Noticed Menkaure
  3942 | D:4      | Mangled by Menkaure

Skill      XL: |  1  2  3  4 |
---------------+-------------+-----
Spellcasting   | 3 4 |  4.8
Dodging        | 2 |  2.1
Necromancy     | 5 |  5.0
Stealth        | |  1.6

Action                   |  1- 3 |  4- 6 || total
-------------------------+-------+-------++-------
Melee: Mace              |       |     6 ||     6
 Cast: Pain              |    86 |    56 ||   142
       Animate Skeleton  |    17 |     9 ||    26
       Animate Dead      |       |     1 ||     1
  Use: Scroll            |     5 |     2 ||     7
Armor: Robe              |     1 |       ||     1
       Leather armour    |       |     1 ||     1
Dodge: Dodged            |    14 |     9 ||    23
